[ PARTIDA AOE2 · #463854267 ]
UnrankedEtíopes vs Huns
Equipo del jugador · VICT
Equipo rival · DERR
[ ANÁLISIS DE REPETICIÓN · EXTRAÍDO DE LA PARTIDA GRABADA ]
Feudal
—
Castillos
—
Imperial
—
| APM promedio | 20.2 |
| APM pico | 86 |
| eAPM promedio | 11.6 |
| Aldeanos / militares | 101 / 113 |
Foco
⚔️ 31.8% · 🌾 68.2%
Archer ×106 · Bombard Cannon ×6 · Knight ×1
Feudal
10:36
Castillos
21:04
Imperial
39:15
| APM promedio | 37.1 |
| APM pico | 70 |
| eAPM promedio | 18.8 |
| Aldeanos / militares | 121 / 139 |
Foco
⚔️ 16.8% · 🌾 83.2%
Cavalry Archer ×83 · Tarkan ×25 · Scout Cavalry ×15 · Archer ×5 · Skirmisher ×5 · Trebuchet (Packed) ×3
Mapa de la partida
Recursos iniciales + cada clic de construcción. Líneas = muros · curvas = relieve. ◆ oro · ⬟ piedra · ● bayas · ✦ reliquia · ◌ hueco del cierre
Tu base· Abierta — flanco sin cerrar
Base de King
Terreno inicial suavizado · ◌ = hueco del cierre detectado · pasá el cursor para detalles
Inputs por minuto
— ARESGMGG99 - - King
Build order — ARESGMGG99
Primeras 150 de 322 acciones detectadas
| 0:03 | Crear | Villager (Male) |
| 0:04 | Crear | Villager (Male) |
| 0:04 | Crear | Villager (Male) |
| 0:04 | Crear | Villager (Male) |
| 0:04 | Crear | Villager (Male) |
| 0:08 | Construir | House |
| 0:10 | Construir | House |
| 0:10 | Construir | House |
| 1:51 | Crear | Villager (Male) |
| 2:15 | Crear | Villager (Male) |
| 2:45 | Crear | Villager (Male) |
| 3:02 | Crear | Villager (Male) |
| 3:55 | Crear | Villager (Male) |
| 4:19 | Crear | Villager (Male) |
| 4:26 | Crear | Villager (Male) |
| 4:41 | Crear | Villager (Male) |
| 5:14 | Crear | Villager (Male) |
| 5:18 | Construir | Lumber Camp |
| 5:39 | Crear | Villager (Male) |
| 6:08 | Investigar | Loom |
| 6:43 | Crear | Villager (Male) |
| 7:13 | Crear | Villager (Male) |
| 7:24 | Construir | Mining Camp |
| 7:39 | Construir | House |
| 8:03 | Crear | Villager (Male) |
| 8:08 | Investigar | Feudal Age |
| 8:55 | Construir | Mill |
| 10:02 | Construir | Barracks |
| 10:09 | Crear | Villager (Male) |
| 10:47 | Crear | Villager (Male) |
| 11:00 | Crear | Villager (Male) |
| 11:18 | Construir | Archery Range |
| 11:24 | Construir | House |
| 11:27 | Crear | Villager (Male) |
| 11:44 | Construir | Farm |
| 11:49 | Investigar | Horse Collar |
| 12:09 | Crear | Villager (Male) |
| 12:13 | Construir | Farm |
| 12:19 | Crear | Archer |
| 12:19 | Crear | Archer |
| 12:42 | Construir | House |
| 12:44 | Construir | House |
| 12:59 | Crear | Villager (Male) |
| 13:03 | Construir | Farm |
| 13:15 | Investigar | Double-Bit Axe |
| 13:20 | Crear | Archer |
| 13:23 | Crear | Villager (Male) |
| 13:29 | Construir | Farm |
| 13:59 | Construir | Farm |
| 14:01 | Crear | Villager (Male) |
| 14:10 | Crear | Archer |
| 14:42 | Construir | Blacksmith |
| 14:45 | Crear | Villager (Male) |
| 14:52 | Crear | Archer |
| 15:09 | Crear | Villager (Male) |
| 15:38 | Construir | Market |
| 15:39 | Crear | Villager (Male) |
| 15:46 | Crear | Archer |
| 15:46 | Crear | Archer |
| 15:53 | Construir | House |
| 15:54 | Construir | House |
| 15:55 | Construir | House |
| 15:56 | Construir | House |
| 16:08 | Crear | Villager (Male) |
| 16:19 | Crear | Archer |
| 16:38 | Construir | Farm |
| 16:43 | Crear | Villager (Male) |
| 16:52 | Construir | House |
| 16:56 | Crear | Villager (Male) |
| 17:01 | Crear | Archer |
| 17:20 | Construir | Mining Camp |
| 17:24 | Construir | Farm |
| 17:36 | Crear | Villager (Male) |
| 17:41 | Construir | Farm |
| 17:50 | Construir | House |
| 18:12 | Construir | Farm |
| 18:19 | Investigar | Castle Age |
| 18:28 | Crear | Archer |
| 18:29 | Crear | Archer |
| 19:13 | Crear | Villager (Male) |
| 19:33 | Investigar | Fletching |
| 20:04 | Crear | Archer |
| 20:04 | Crear | Archer |
| 20:04 | Crear | Archer |
| 21:23 | Crear | Villager (Male) |
| 21:25 | Investigar | Crossbowman (upgrade) |
| 21:35 | Construir | Town Center |
| 21:50 | Construir | Archery Range |
| 21:51 | Construir | Archery Range |
| 21:55 | Crear | Villager (Male) |
| 22:07 | Construir | Archery Range |
| 22:17 | Investigar | Thumb Ring |
| 22:21 | Crear | Villager (Male) |
| 22:46 | Crear | Villager (Male) |
| 22:52 | Construir | Farm |
| 23:01 | Crear | Archer |
| 23:02 | Crear | Archer |
| 23:12 | Crear | Villager (Male) |
| 23:13 | Crear | Villager (Male) |
| 23:21 | Construir | Farm |
| 23:25 | Crear | Villager (Male) |
| 23:41 | Construir | Farm |
| 23:46 | Construir | Farm |
| 23:58 | Crear | Archer |
| 23:58 | Crear | Archer |
| 23:58 | Crear | Archer |
| 23:58 | Crear | Archer |
| 23:59 | Crear | Archer |
| 23:59 | Crear | Archer |
| 24:04 | Construir | Farm |
| 24:07 | Construir | Farm |
| 24:18 | Construir | Castle |
| 24:32 | Construir | Lumber Camp |
| 24:33 | Crear | Villager (Male) |
| 24:42 | Investigar | Bodkin Arrow |
| 24:43 | Investigar | Padded Archer Armor |
| 24:45 | Crear | Villager (Male) |
| 25:04 | Construir | Farm |
| 25:06 | Crear | Villager (Male) |
| 25:06 | Crear | Villager (Male) |
| 25:18 | Construir | Farm |
| 25:35 | Crear | Archer |
| 25:35 | Crear | Archer |
| 25:35 | Crear | Archer |
| 25:36 | Crear | Archer |
| 25:36 | Crear | Archer |
| 25:41 | Construir | Farm |
| 25:56 | Crear | Villager (Male) |
| 25:58 | Crear | Villager (Male) |
| 26:22 | Crear | Villager (Male) |
| 26:23 | Crear | Villager (Male) |
| 26:26 | Construir | Farm |
| 26:30 | Crear | Archer |
| 26:31 | Crear | Archer |
| 26:31 | Crear | Archer |
| 26:38 | Construir | Farm |
| 26:47 | Crear | Villager (Male) |
| 26:48 | Crear | Villager (Male) |
| 26:52 | Construir | Farm |
| 26:56 | Investigar | Padded Archer Armor |
| 27:08 | Crear | Villager (Male) |
| 27:19 | Construir | Farm |
| 27:35 | Crear | Archer |
| 27:35 | Crear | Archer |
| 27:36 | Crear | Archer |
| 27:36 | Crear | Archer |
| 27:41 | Crear | Villager (Male) |
| 27:42 | Crear | Villager (Male) |
| 28:25 | Crear | Villager (Male) |
| 28:26 | Crear | Villager (Male) |
Build order — King
Primeras 150 de 288 acciones detectadas
| 0:03 | Crear | Villager (Male) |
| 0:03 | Crear | Villager (Male) |
| 0:03 | Crear | Villager (Male) |
| 0:10 | Crear | Villager (Male) |
| 1:38 | Crear | Villager (Male) |
| 2:42 | Crear | Villager (Male) |
| 2:43 | Crear | Villager (Male) |
| 2:43 | Crear | Villager (Male) |
| 3:47 | Crear | Villager (Male) |
| 4:05 | Crear | Villager (Male) |
| 4:06 | Crear | Villager (Male) |
| 4:06 | Crear | Villager (Male) |
| 4:47 | Crear | Villager (Male) |
| 4:53 | Construir | Lumber Camp |
| 6:05 | Crear | Villager (Male) |
| 6:12 | Crear | Villager (Male) |
| 7:04 | Crear | Villager (Male) |
| 7:20 | Crear | Villager (Male) |
| 7:48 | Construir | Mill |
| 7:57 | Crear | Villager (Male) |
| 8:26 | Investigar | Feudal Age |
| 8:49 | Construir | Palisade Wall |
| 9:31 | Construir | Barracks |
| 10:01 | Construir | Building 804 |
| 10:15 | Construir | Palisade Wall |
| 10:21 | Crear | Villager (Male) |
| 10:22 | Crear | Villager (Male) |
| 10:36 | Edad | Edad Feudal |
| 10:38 | Investigar | Double-Bit Axe |
| 10:48 | Construir | Stable |
| 10:59 | Construir | Mining Camp |
| 11:02 | Construir | Farm |
| 11:04 | Construir | Farm |
| 11:06 | Investigar | Horse Collar |
| 11:14 | Crear | Spearman |
| 11:16 | Crear | Spearman |
| 11:32 | Construir | Palisade Wall |
| 11:42 | Crear | Villager (Male) |
| 11:47 | Construir | Farm |
| 11:48 | Crear | Villager (Male) |
| 12:02 | Construir | Blacksmith |
| 12:14 | Construir | Farm |
| 12:47 | Crear | Villager (Male) |
| 12:48 | Crear | Villager (Male) |
| 12:50 | Construir | Farm |
| 13:07 | Construir | Archery Range |
| 13:12 | Crear | Villager (Male) |
| 13:15 | Construir | Farm |
| 13:34 | Construir | Palisade Wall |
| 13:40 | Construir | Palisade Gate |
| 13:43 | Crear | Villager (Male) |
| 13:45 | Construir | Farm |
| 13:55 | Construir | Palisade Wall |
| 14:07 | Construir | Market |
| 14:15 | Crear | Villager (Male) |
| 14:17 | Construir | Farm |
| 14:31 | Crear | Villager (Male) |
| 14:35 | Construir | Farm |
| 14:56 | Construir | Palisade Wall |
| 14:58 | Crear | Villager (Male) |
| 15:01 | Construir | Farm |
| 15:05 | Crear | Scout Cavalry |
| 15:17 | Construir | Farm |
| 15:22 | Construir | Farm |
| 15:24 | Crear | Villager (Male) |
| 15:35 | Crear | Villager (Male) |
| 16:12 | Construir | Stable |
| 16:18 | Crear | Villager (Male) |
| 16:19 | Construir | Farm |
| 16:21 | Construir | Farm |
| 16:23 | Crear | Villager (Male) |
| 16:45 | Crear | Villager (Male) |
| 16:49 | Construir | Farm |
| 16:59 | Construir | Archery Range |
| 17:01 | Construir | Palisade Wall |
| 17:07 | Construir | Farm |
| 17:29 | Crear | Villager (Male) |
| 17:32 | Construir | Farm |
| 17:51 | Construir | Farm |
| 18:22 | Construir | Farm |
| 18:24 | Investigar | Castle Age |
| 18:41 | Investigar | Gold Mining |
| 18:44 | Investigar | Stone Mining |
| 19:09 | Construir | Mining Camp |
| 19:33 | Crear | Scout Cavalry ×4 |
| 19:55 | Investigar | Scale Barding Armor |
| 20:19 | Crear | Scout Cavalry |
| 20:21 | Crear | Villager (Male) |
| 20:58 | Investigar | Forging |
| 21:03 | Crear | Villager (Male) |
| 21:04 | Edad | Edad de los Castillos |
| 21:55 | Investigar | Bow Saw |
| 22:31 | Construir | Monastery |
| 22:39 | Investigar | Bloodlines |
| 22:42 | Investigar | Husbandry |
| 22:44 | Crear | Villager (Male) |
| 22:57 | Investigar | Gold Mining |
| 23:10 | Crear | Villager (Male) |
| 23:29 | Construir | Town Center |
| 23:36 | Crear | Villager (Male) |
| 23:36 | Crear | Villager (Male) |
| 23:46 | Crear | Scout Cavalry ×2 |
| 23:53 | Construir | Farm |
| 23:54 | Construir | Farm |
| 23:54 | Construir | Farm |
| 23:57 | Crear | Monk |
| 24:04 | Crear | Villager (Male) |
| 24:07 | Construir | Farm |
| 24:30 | Investigar | Light Cavalry (upgrade) |
| 24:45 | Crear | Villager (Male) |
| 24:45 | Crear | Villager (Male) |
| 24:54 | Crear | Cavalry Archer ×5 |
| 25:18 | Investigar | Fletching |
| 25:23 | Crear | Villager (Male) |
| 25:25 | Crear | Villager (Male) |
| 25:25 | Crear | Villager (Male) |
| 25:30 | Construir | Farm |
| 25:54 | Crear | Villager (Male) |
| 25:59 | Crear | Villager (Male) |
| 26:04 | Construir | Farm |
| 26:06 | Crear | Villager (Male) |
| 26:07 | Construir | Farm |
| 26:12 | Construir | Farm |
| 26:15 | Construir | Farm |
| 26:19 | Crear | Villager (Male) |
| 26:22 | Crear | Scout Cavalry ×2 |
| 26:37 | Crear | Skirmisher ×5 |
| 26:50 | Crear | Cavalry Archer ×4 |
| 26:57 | Crear | Villager (Male) |
| 26:58 | Crear | Villager (Male) |
| 26:58 | Crear | Villager (Male) |
| 26:59 | Crear | Villager (Male) |
| 27:00 | Crear | Villager (Male) |
| 27:00 | Crear | Villager (Male) |
| 27:29 | Construir | Mining Camp |
| 27:44 | Crear | Villager (Male) |
| 27:45 | Crear | Villager (Male) |
| 27:46 | Crear | Villager (Male) |
| 27:47 | Crear | Villager (Male) |
| 27:47 | Crear | Villager (Male) |
| 28:14 | Construir | Town Center |
| 28:18 | Crear | Villager (Male) |
| 28:20 | Crear | Villager (Male) |
| 28:20 | Crear | Villager (Male) |
| 28:20 | Crear | Villager (Male) |
| 28:48 | Crear | Villager (Male) |
| 28:49 | Crear | Villager (Male) |
| 28:49 | Crear | Villager (Male) |
| 28:52 | Construir | Farm |
| 28:55 | Construir | Farm |
Cronología de la partida
| 8:49 | King · wall_segment Palisade Wall x5 |
| 9:31 | King · first_building Barracks |
| 10:02 | ARESGMGG99 · first_building Barracks |
| 10:15 | King · wall_segment Palisade Wall x8 |
| 10:36 | King · age_up feudal |
| 10:48 | King · first_building Stable |
| 11:18 | ARESGMGG99 · first_building Archery Range |
| 11:32 | King · wall_segment Palisade Wall x6 |
| 13:07 | King · first_building Archery Range |
| 13:34 | King · wall_segment Palisade Wall x9 |
| 13:55 | King · wall_segment Palisade Wall x4 |
| 14:56 | King · wall_segment Palisade Wall x7 |
| 17:01 | King · wall_segment Palisade Wall x1 |
| 17:58 | King · first_market_sell 100 stone |
| 18:00 | King · first_market_buy 100 food |
| 18:00 | ARESGMGG99 · first_market_buy 100 food |
| 21:04 | King · age_up castle |
| 22:31 | King · first_building Monastery |
| 24:18 | ARESGMGG99 · first_building Castle |
| 30:38 | King · first_building Castle |
| 32:20 | ARESGMGG99 · first_building Stable |
| 33:41 | ARESGMGG99 · first_market_sell 100 stone |
| 39:15 | King · age_up imperial |
| 41:39 | ARESGMGG99 · first_building Siege Workshop |
| 47:55 | King · resign |
[ ANÁLISIS IA · 1 CRÉDITO ]
¿Qué pasó realmente en esta partida?
Wolo.gg analiza cada decisión: build order, eco, micro, errores típicos por bracket. Análisis personalizado por WhatsApp o Discord en 30 segundos.
Guía civ
Etíopes
Perfil
Jugador #18563645